 Dungeon Crawl Stone Soup version 0.28.0-47-ge53b351184 (webtiles) character file.

Game seed: 13444219609866364599

88 Allula97 the Sneak (level 4, -8/34 HPs)
             Began as a Demonspawn Brigand on May 5, 2022.
             Engulfed by a cloud of flame (18 damage)
             ... on level 3 of the Dungeon.
             The game lasted 00:04:01 (2896 turns).

Allula97 the Sneak (Demonspawn Brigand)             Turns: 2896, Time: 00:04:02

Health: -8/34      AC:  6    Str: 12    XL:     4   Next: 29%
Magic:  4/4        EV: 11    Int: 12    God:
Gold:   99         SH:  5    Dex: 16    Spells: 3/3 levels left

rFire   . . .      SeeInvis .   a - +4 dagger
rCold   . . .      Faith    .   (no shield)
rNeg    . . .      Spirit   .   k - +0 ring mail
rPois   .          Reflect  +   (no helmet)
rElec   .          Harm     .   c - +0 cloak
rCorr   .          Rampage  .   (no gloves)
Will    .....                   (no boots)
Stlth   ++........              f - amulet of reflection
HPRegen 0.11/turn               (no ring)
MPRegen 0.09/turn               (no ring)

@: no status effects
A: demonic guardian 2, sturdy frame 1
a: no special abilities


You were on level 3 of the Dungeon.
You visited 1 branch of the dungeon, and saw 3 of its levels.

You collected 99 gold pieces.

Inventory:

Hand Weapons
 a - a +4 dagger (weapon)
Missiles
 d - 8 poisoned darts (quivered)
 e - 2 curare-tipped darts
Armour
 c - a +0 cloak (worn)
 k - a +0 ring mail (worn)
Jewellery
 f - an amulet of reflection (around neck)
Scrolls
 h - 2 scrolls of fog
Potions
 b - a potion of attraction {unknown}
 g - a potion of lignification {unknown}
 i - a potion of mutation {unknown}
 j - a potion of degeneration {unknown}
 l - a potion of curing {unknown}


   Skills:
 * Level 2.4 Fighting
 * Level 2.6 Short Blades
 - Level 1.7 Throwing
 * Level 1.0 Armour
 * Level 1.4 Dodging
 * Level 4.3 Stealth


You had 3 spell levels left.
You didn't know any spells.
Your spell library contained the following spells:

 Spells                   Type           Power      Damage    Failure   Level
 Ignite Poison            Fire/Tmut/Pois 0%         N/A       83%         3
 Inner Flame              Hex/Fire       0%         N/A       83%         3
 Mephitic Cloud           Conj/Pois/Air  0%         N/A       83%         3
 Ozocubu's Armour         Ice            0%         N/A       83%         3
 Cause Fear               Hex            0%         N/A       99%         4
 Freezing Cloud           Conj/Ice/Air   0%         6-21      100%        5
 Metabolic Englaciation   Hex/Ice        0%         N/A       100%        5
 Simulacrum               Ice/Necr       0%         N/A       100%        6
 Discord                  Hex            0%         N/A       100%        8


Dungeon Overview and Level Annotations

Branches:
Dungeon (3/15)

Altars:
Trog


Innate Abilities, Weirdness & Mutations

A demonic guardian rushes to your aid.
Your movements are slightly less encumbered by armour. (ER -2)


Message History

The ball python constricts you.
The endoplasm hits you but does no damage.
You puncture the ball python!
You kill the ball python!
The endoplasm freezes you.
You are frozen.
You see here a ball python corpse.
You hit the endoplasm.
The endoplasm is severely wounded.
The endoplasm freezes you.
You are frozen.
You hit the endoplasm.
You kill the endoplasm!
Your Armour skill increases to level 1!
A frilled lizard comes into view.
An endoplasm comes into view.
You catch the helpless frilled lizard completely off-guard!
You puncture the frilled lizard!
You kill the frilled lizard!
You hit the endoplasm.
The endoplasm is heavily wounded.
The endoplasm freezes you.
You are frozen.
You hit the endoplasm.
You kill the endoplasm!
HP restored.
An endoplasm comes into view.
Found a stone staircase leading up.
Found a scroll labelled AMAIZE JAIKEARR.
Found 22 stones and a black potion.
Found 12 gold pieces.
Really walk into a travel-excluded area?
Found a scroll labelled FABBAE WOYWE.
Really walk into that cloud of flame?
You are engulfed in blazing flames.
A demonic guardian appears!
You are engulfed in blazing flames.
* * * LOW HITPOINT WARNING * * *
You are engulfed in blazing flames.
Ouch! That really hurt!
You die...

#.#.....# #.§.# #<.
....# #§.§# #.##....#
####...######...#....
§§..!..☼☼§..........
..$(?.§§§..........
.......§..........
#...#####......... #@○§#
#......... #§4☼#
#......... #§°○#
#.........
#####...#####..##.....
#...............# .....
#................##.....
#.......#####....##.....
#.....#.................
#.....#............##...


You could see a friendly rust devil (summoned).

Vanquished Creatures
  3 adders (D:2)
  A worm (D:2)
  3 dart slugs (D:2)
  3 endoplasms
  5 goblins
  11 hobgoblins
  6 kobolds
  A quokka (D:2)
  6 ball pythons
  3 bats (D:2)
  2 frilled lizards
  10 rats
54 creatures vanquished.

Vanquished Creatures (others)
  A demonic plant (D:3)
1 creature vanquished.

Grand Total: 55 creatures vanquished

Notes
Turn   | Place    | Note
-------+----------+-------------------------------------------
     0 | D:1      | Allula97 the Demonspawn Brigand began the quest for the
                  | Orb.
     0 | D:1      | Reached XP level 1. HP: 16/16 MP: 1/1
   468 | D:1      | Reached skill level 1 in Dodging
   806 | D:1      | You fall into a shaft and drop 1 floor!
   811 | D:2      | Reached skill level 4 in Stealth
   811 | D:2      | Gained mutation: A weak demonic guardian rushes to your
                  | aid. [demonic ancestry]
   811 | D:2      | Reached XP level 2. HP: 22/22 MP: 2/2
  1095 | D:2      | Gained mutation: A demonic guardian rushes to your aid.
                  | [demonic ancestry]
  1095 | D:2      | Reached XP level 3. HP: 23/27 MP: 3/3
  2125 | D:2      | Gained mutation: Your movements are slightly less
                  | encumbered by armour. (ER -2) [demonic ancestry]
  2125 | D:2      | Reached XP level 4. HP: 33/33 MP: 4/4
  2338 | D:2      | Found a bloodstained altar of Trog.
  2701 | D:3      | Found a faded altar of an unknown god.
  2767 | D:3      | Reached skill level 1 in Armour
  2896 | D:3      | Engulfed by a cloud of flame

Illustrated notes

Levels and vault maps discovered:
D:1:      tarquinn_simple_flora_water_d, layout_basic,
          ebering_dispersal_statue_hall, st_stairs_14
D:2:      layout_basic, basic_altar, minmay_misc_feat_room, st_stairs_7
D:3:      layout_basic, dreamdust_ecumenical_altar_sealed_demon,
          hangedman_decor_growths, lemuel_flame_loot_1

Skill      XL: |  1  2  3  4 |
---------------+-------------+-----
Dodging        | 1 |  1.4
Stealth        | 4 |  4.3
Short Blades   | 2 |  2.6
Armour         | 1 |  1.0
Fighting       | |  2.4
Throwing       | |  1.7

Action                   |  1- 3 |  4- 6 || total
-------------------------+-------+-------++-------
Melee: Dagger            |   134 |    34 ||   168
  Use: Scroll            |     3 |     2 ||     5
 Stab: Sleeping          |     2 |     3 ||     5
       Distracted        |       |     2 ||     2
Armor: Robe              |    11 |       ||    11
       Ring mail         |    28 |     9 ||    37
Dodge: Dodged            |    83 |     6 ||    89
Block: Other             |     7 |     2 ||     9
